 Dungeon Crawl Stone Soup version 0.25-a0-829-g4e6a552925 (webtiles) character file.

Game seed: 529892775265536907, levelgen mode: deterministic

226 tilp the Bolt Thrower (level 6, -3/38 HPs)
             Began as a Kobold Arcane Marksman on Apr 21, 2020.
             Shot with an arrow by a centaur (8 damage)
             ... on level 4 of the Dungeon.
             The game lasted 00:16:32 (4764 turns).

tilp the Bolt Thrower (Kobold Arcane Marksman)      Turns: 4764, Time: 00:16:32

Health: -3/38      AC:  5    Str: 10    XL:     6   Next: 22%
Magic:  7/7        EV: 15    Int: 14    God:
Gold:   137        SH:  0    Dex: 15    Spells: 6/7 levels left

rFire    . . .     SeeInvis .   a - +0 hand crossbow
rCold    . . .     Gourm    .   (shield restricted)
rNeg     . . .     Faith    .   e - +0 robe
rPois    .         Spirit   .   i - +2 helmet
rElec    .         Reflect  .   (no cloak)
rCorr    .         Harm     .   (no gloves)
MR       .....                  (no boots)
Stlth    +.........             h - amulet of regeneration
HPRegen  0.52/turn              (no ring)
MPRegen  0.10/turn              (no ring)

@: about to teleport
A: small, carnivore
a: no special abilities


You were on level 4 of the Dungeon.
You were completely stuffed.

You visited 2 branches of the dungeon, and saw 5 of its levels.

You collected 137 gold pieces.

Inventory:

Hand Weapons
 a - a +0 hand crossbow (weapon)
 b - a +1 dagger of speed
 q - a +3 dagger
 y - a +2 quarterstaff of protection
Missiles
 d - 18 bolts (quivered)
 w - 16 poisoned darts
 A - 5 silver boomerangs
Armour
 e - a +0 robe (worn)
 i - a +2 helmet (worn)
Jewellery
 h - an amulet of regeneration (around neck)
 t - a cursed -3 ring of protection {unknown}
Wands
 v - a wand of random effects (21)
Scrolls
 c - a scroll of fog {unknown}
 j - a scroll of remove curse {unknown}
 k - a scroll of random uselessness {unknown}
 r - a scroll of enchant weapon {unknown}
 u - a scroll of fear {unknown}
 C - a scroll of amnesia {unknown}
Potions
 g - a potion of brilliance {unknown}
 l - 2 potions of might
 o - a potion of resistance {unknown}
 p - a potion of lignification {unknown}
 s - 2 potions of experience {unknown}
 x - 2 potions of heal wounds {unknown}
 z - a potion of flight {unknown}
 B - a potion of invisibility {unknown}
 D - a potion of mutation {unknown}
Comestibles
 f - 5 rations


   Skills:
 + Level 3.8 Fighting
 - Level 6.0 Crossbows
 - Level 2.4 Dodging
 - Level 1.1 Spellcasting
 - Level 3.0 Hexes


You had 6 spell levels left.
You knew the following spells:

 Your Spells              Type           Power        Failure   Level  Hunger
a - Corona                Hex            #......      8%          1    ##.....

Your spell library contained the following spells:

 Spells                   Type           Power        Failure   Level  Hunger
 Slow                     Hex            #.......     12%         2    ###....
 Inner Flame              Hex/Fire       #.......     38%         3    ####...
 Portal Projectile        Hex/Tloc       #.....       38%         3    ####...
 Cause Fear               Hex            #.........   58%         4    #####..
 Leda's Liquefaction      Hex/Erth       #.........   80%         4    #####..


Dungeon Overview and Level Annotations

Branches:
Dungeon (4/15)             Temple (1/1) D:4

Altars:
Ashenzari
Cheibriados
Dithmenos
Elyvilon
Hepliaklqana
Kikubaaqudgha
Nemelex Xobeh
Qazlal
Ru
Sif Muna
Trog
Uskayaw
Wu Jian
Xom
Yredelemnul
Zin


Innate Abilities, Weirdness & Mutations

You are small and have problems with some larger weapons.
You are carnivorous and can eat meat at any time.


Message History

You feel better.
The centaur shoots an arrow.
The arrow closely misses you.
The centaur shoots an arrow.
The arrow completely misses you.
Unknown command.
You feel better.
The centaur shoots an arrow.
The arrow closely misses you.
Unknown command.
Your surroundings seem slightly different.
The centaur shoots an arrow.
The arrow hits you!
* * * LOW HITPOINT WARNING * * *
Found 25 stones.
You see here an arrow.
As you read the scroll of teleportation, it crumbles to dust.
You feel strangely unstable.
The centaur shoots an arrow.
The arrow hits you.
* * * LOW HITPOINT WARNING * * *
Unknown command.
You feel better.
The centaur shoots an arrow.
The arrow hits you!
* * * LOW HITPOINT WARNING * * *
The centaur shoots an arrow.
The arrow hits you!
* * * LOW HITPOINT WARNING * * *
The centaur shoots an arrow.
The arrow hits you!
You die...

#(..# #<##### #...# #......
#...# #)##### #...######
#...... ######..(......
#.#.### ......)c....... #..##
............... ##.#
.......(....... #)## #
####...@....... ###รท.###
#.#!...####. #....... #
#....# #.##.#.##.. # #(.>.#
#.......... #.#....#
####.#...[. #.[....#
###.#.##.# ####.#####
#......#.# #.......#
#.#......#
##########.#.###.###.###..###


You could see a centaur.

Vanquished Creatures
  An orc priest (D:4)
  An orc wizard (D:4)
  A worker ant (D:4)
  4 adders (D:3)
  An ooze (D:1)
  An adder skeleton (D:4)
  2 worms
  6 dart slugs
  2 leopard geckos (D:1)
  3 orcs
  5 giant cockroaches
  12 goblins
  5 hobgoblins
  4 jackals
  3 quokkas
  A ball python (D:3)
  8 bats
  3 frilled lizards
  14 kobolds
  8 rats
85 creatures vanquished.

Notes
Turn   | Place    | Note
-------+----------+-------------------------------------------
     0 | D:1      | tilp the Kobold Arcane Marksman began the quest for the
                  | Orb.
     0 | D:1      | Reached XP level 1. HP: 12/12 MP: 2/2
   351 | D:1      | Reached skill level 3 in Crossbows
   438 | D:1      | Reached XP level 2. HP: 10/16 MP: 3/3
   638 | D:1      | You fall into a shaft and drop 1 floor!
  1010 | D:1      | Reached skill level 4 in Crossbows
  1010 | D:1      | Reached XP level 3. HP: 20/20 MP: 4/4
  2245 | D:2      | Reached XP level 4. HP: 25/25 MP: 5/5
  2294 | D:2      | Reached skill level 5 in Crossbows
  2550 | D:2      | Found a sparkling altar of Nemelex Xobeh.
  2922 | D:2      | Found a white marble altar of Elyvilon.
  3388 | D:3      | Reached XP level 5. HP: 29/29 MP: 4/6
  3584 | D:3      | Reached skill level 6 in Crossbows
  3746 | D:3      | Found a hazy altar of Hepliaklqana.
  4481 | D:4      | Reached XP level 6. HP: 37/37 MP: 7/7
  4544 | D:4      | Found a staircase to the Ecumenical Temple.
  4573 | Temple   | Entered the Ecumenical Temple
  4764 | D:4      | Shot with an arrow by a centaur

Levels and vault maps discovered:
D:1:      elethiomel_arrival_infinity_welcomes_careful_drivers, layout_basic
D:2:      layout_basic, nemelex_xobeh_ov_fountains_minmay,
          overflow_temple_1_default, dk_noncrumbling_4
D:3:      layout_basic, nicolae_overflow_crystal_walls, minmay_cut_off
D:4:      layout_loops_cross, minmay_temple_entry_drinking_statues,
          first_ration, uniq_pikel
Temple:   dshaligram_water_room_temple

Skill      XL: |  1  2  3  4  5 |
---------------+----------------+-----
Crossbows      | 3 4 5 6 |  6.0
Fighting       | 3 |  3.8
Dodging        | |  2.4
Spellcasting   | |  1.1
Hexes          | |  3.0

Action                   |  1- 3 |  4- 6 || total
-------------------------+-------+-------++-------
Melee: Dagger            |   113 |   120 ||   233
       Unarmed           |     1 |       ||     1
 Fire: Hand crossbow     |    51 |    64 ||   115
Throw: Dart              |       |     1 ||     1
 Cast: Corona            |    22 |    23 ||    45
  Use: Scroll            |     2 |     4 ||     6
       Potion            |       |     3 ||     3
 Stab: Sleeping          |     2 |       ||     2
  Eat: Chunk             |    12 |    10 ||    22
Armor: Robe              |    29 |    32 ||    61
Dodge: Dodged            |   137 |    68 ||   205

Table legend:
 A = Non-vault XP
 B = Vault XP
 C = Vault XP percentage of total XP
 D = Non-vault monster count
 E = Vault monster count
 F = Vault count percentage of total count
                 A         B        C        D         E       F
            +---------+---------+-------+---------+---------+-------
      Total |     314 |      10 |   3.1 |      80 |       5 |   5.9
            +---------+---------+-------+---------+---------+-------
        D:1 |      68 |       0 |   0.0 |      34 |       0 |   0.0
        D:2 |      50 |       0 |   0.0 |      26 |       0 |   0.0
        D:3 |      78 |      10 |  11.4 |      15 |       5 |  25.0
        D:4 |     118 |       0 |   0.0 |       5 |       0 |   0.0
            +---------+---------+-------+---------+---------+-------
